 Dungeon Crawl Stone Soup version 0.22-a0-538-g76cc104 (webtiles) character file.

7233 Hebeh the Cleaver (level 10, -2/92 HPs)
             Began as a Deep Dwarf Fighter on June 23, 2018.
             Was a Believer of Makhleb.
             Slain by an orc warrior
             ... wielding a +0 glaive
             ... led by an orc high priest
              (9 damage)
             ... on level 1 of the Orcish Mines.
             The game lasted 00:41:15 (9184 turns).

Hebeh the Cleaver (Deep Dwarf Fighter)              Turns: 9184, Time: 00:41:15

Health: -2/92      AC: 18    Str: 26    XL:     10   Next: 88%
Magic:  3/3        EV: 10    Int:  9    God:    Makhleb [**....]
Gold:   564        SH:  0    Dex: 12    Spells: 9/9 levels left

rFire    . . .     SeeInvis .   b - +1 battleaxe (elec)
rCold    . . .     Gourm    .   (shield currently unavailable)
rNeg     . . .     Faith    .   s - +2 chain mail
rPois    .         Spirit   .   u - +1 helmet
rElec    .         Reflect  .   i - +0 cloak
rCorr    .         Harm     .   m - +0 pair of gloves
MR       +....                  (no boots)
Stlth    ..........             (no amulet)
HPRegen  0.00/turn              z - +3 ring of strength
MPRegen  0.08/turn              (no ring)

@: non-regenerating
A: damage resistance, heal wounds, sense surroundings 2, no regeneration
a: Heal Wounds, Minor Destruction, Renounce Religion


You were on level 1 of the Orcish Mines.
You worshipped Makhleb.
Makhleb was pleased with you.
You were not hungry.

You visited 3 branches of the dungeon, and saw 12 of its levels.
You also visited: Sewer.

You collected 634 gold pieces.
You spent 70 gold pieces at shops.

Inventory:

Hand Weapons
 a - a +0 war axe
 b - a +1 battleaxe of electrocution (weapon)
Missiles
 y - 6 javelins (quivered)
Armour
 c - a +0 shield
 i - a +0 cloak (worn)
 m - a +0 pair of gloves (worn)
 s - a +2 chain mail (worn)
 u - a +1 helmet (worn)
Jewellery
 z - a +3 ring of strength (left hand)
Wands
 A - a wand of polymorph (12)
 C - a wand of disintegration (14)
Scrolls
 e - 5 scrolls of remove curse
 g - 6 scrolls of fog
 k - 3 scrolls of blinking
 l - 7 scrolls of teleportation
 n - a scroll of random uselessness
 o - a scroll of magic mapping
 p - 2 scrolls of enchant weapon
 v - 3 scrolls of noise
 w - a scroll of fear
 F - a scroll of amnesia {unknown}
Potions
 d - 2 potions of might
 h - a potion of lignification
 j - 4 potions of curing
 q - 3 potions of heal wounds
 r - 2 potions of magic
 t - 2 potions of agility
 x - a potion of brilliance
 D - a potion of haste {unknown}
 E - a potion of degeneration {unknown}
 G - a potion of ambrosia {unknown}
Comestibles
 f - 11 rations


   Skills:
 + Level 6.7 Fighting
 + Level 12.0 Axes
 + Level 1.3 Throwing
 + Level 8.5 Armour
 + Level 2.9 Dodging
 + Level 1.2 Stealth
 + Level 8.5 Shields


You had 9 spell levels left.
You didn't know any spells.
Your spell library was empty.

Dungeon Overview and Level Annotations

Branches:
Dungeon (10/15)            Temple (1/1) D:6             Orc (1/2) D:10
   Lair: D:8-11

Altars:
Ashenzari
Cheibriados
Dithmenos
Elyvilon
Fedhas
Gozag
Hepliaklqana
Kikubaaqudgha
Makhleb
Nemelex Xobeh
Okawaru
Qazlal
Ru
Sif Muna
Trog
Vehumet
Wu Jian
Xom
Yredelemnul
Zin
The Shining One
Beogh

Shops:
D:6 **[(

Annotations:
D:3 Amnesiac's ghost, amateur SpBe
D:4 1 runed door, TheNamelessOne's ghost, amateur DsCK
D:10 1 runed door, exclusion: 2 oklob plants


Innate Abilities, Weirdness & Mutations

You are resistant to damage.
You can heal yourself by infusing magical energy.
You passively map the area around you.
You do not regenerate.


Message History

* * * LOW HITPOINT WARNING * * *
The orc warrior barely misses you.
The orc warrior hits you from afar with a glaive!
* * * LOW HITPOINT WARNING * * *
The hellwing barely misses you. x2
The ynoxinul gestures.
The warg bites you.
* * * LOW HITPOINT WARNING * * *
An orc comes into view. It is wielding a hand axe.
The orc high priest hits you but does no damage.
You slash the orc high priest!
The orc high priest is almost dead.
You closely miss the warg. You barely miss the sun demon.
You hit the hellwing but do no damage. You slash the ynoxinul!
You barely miss the orc warrior. The warg completely misses you.
The ynoxinul misses you. The hellwing hits you.
The hellwing hits you but does no damage.
The orc warrior completely misses you.
The orc warrior hits you from afar with a glaive!
You die...

, *, *...# * *
....,##.......# ##* #.
, ,..#.##.........
##.##..
,.>............###....
............#.#....#
#.....$.#........<#* *
,,......##ooo......##
**
,,,,.....5ooho......##
*, * ...$.53@3o.....##
,, , ..##.o5)4...#.##
, , #............# ,
..............## , ,,
..........$..#.# ,, ,
...##..#........# * ,
,.......###......# , ,
...##.#* ###.$.## * *
##* ##.##


You could see an orc high priest, a sun demon, a hellwing, a ynoxinul, a warg, 3
orc warriors, 4 orcs and 3 ufetubi.

Vanquished Creatures
  2 two-headed ogres
  An orc high priest (Orc:1)
  2 hippogriffs
  Sigmund (D:3)
  A spriggan (D:7)
  A hungry ghost (D:9)
  A water moccasin (D:10)
  Duvessa (D:6)
  4 orc warriors
  A sky beast (D:9)
  An ice beast (D:9)
  A phantom (D:8)
  A black bear (D:6)
  5 ogres
  A centaur (D:5)
  12 bullfrogs
  Dowan (D:6)
  3 scorpions
  13 killer bees
  A howler monkey (D:9)
  A bullfrog zombie (D:7)
  3 crimson imps
  8 orc priests
  A centaur zombie (D:9)
  2 hounds
  A jelly (D:9)
  A bullfrog skeleton (D:10)
  9 orc wizards
  An iguana (D:5)
  10 worker ants
  Terence (D:2)
  Robin (D:2)
  8 gnolls
  14 adders
  2 shadow imps
  20 oozes
  An adder skeleton (D:8)
  2 worms
  A dart slug (D:1)
  9 leopard geckos
  47 orcs
  4 bats
  12 giant cockroaches
  13 goblins
  12 hobgoblins
  10 jackals
  5 kobolds
  3 quokkas
  9 ball pythons
  A ball python skeleton (D:4)
  15 frilled lizards
  A leopard gecko skeleton (D:4)
  A quokka skeleton (D:6)
  8 rats
291 creatures vanquished.

Vanquished Creatures (others)
  2 plants (D:10)
2 creatures vanquished.

Grand Total: 293 creatures vanquished

Notes
Turn   | Place    | Note
-------+----------+-------------------------------------------
     0 | D:1      | Hebeh the Deep Dwarf Fighter began the quest for the Orb.
     0 | D:1      | Reached XP level 1. HP: 20/20 MP: 1/1
   270 | D:1      | Reached XP level 2. HP: 24/27 MP: 2/2
   613 | D:2      | Noticed Terence
   626 | D:2      | Killed Terence
   626 | D:2      | Reached XP level 3. HP: 23/34 MP: 3/3
   729 | D:2      | Noticed Robin
   738 | D:2      | Killed Robin
   738 | D:2      | Reached skill level 3 in Axes
   784 | D:2      | Reached XP level 4. HP: 27/42 MP: 4/4
  1094 | D:2      | Found an iron altar of Okawaru.
  1423 | D:3      | Noticed an orc warrior
  1434 | D:3      | Reached XP level 5. HP: 42/49 MP: 4/4
  1445 | D:3      | Reached skill level 4 in Axes
  1471 | D:3      | Killed an orc warrior
  1471 | D:3      | Reached skill level 1 in Dodging
  1568 | D:3      | Reached XP level 6. HP: 56/57 MP: 3/3
  1903 | D:3      | Noticed Sigmund
  1908 | D:3      | Killed Sigmund
  1908 | D:3      | Reached skill level 5 in Axes
  1941 | D:3      | Found a runed gate.
  1942 | D:3      | Found a runed gate.
  1942 | D:3      | Found a runed gate.
  1953 | D:3      | Noticed Amnesiac's ghost (amateur SpBe)
  1954 | D:3      | Found a roughly hewn altar of Beogh.
  2217 | D:3      | Found a shimmering altar of Xom.
  2219 | D:3      | Found a deep blue altar of Sif Muna.
  2254 | D:4      | Found a glowing drain.
  2267 | Sewer    | Entered a sewer
  2333 | Sewer    | Reached XP level 7. HP: 49/63 MP: 4/4
  2516 | Sewer    | Reached skill level 5 in Armour
  2578 | Sewer    | Reached skill level 5 in Shields
  2634 | Sewer    | Reached skill level 6 in Axes
  3705 | D:4      | Found a runed door.
  3705 | D:4      | Noticed TheNamelessOne's ghost (amateur DsCK)
  3829 | D:5      | Entered Level 5 of the Dungeon
  3881 | D:5      | Found the +7 Singing Sword
  4142 | D:5      | Reached XP level 8. HP: 29/73 MP: 3/3
  4208 | D:5      | Reached skill level 7 in Axes
  4264 | D:5      | Reached skill level 1 in Stealth
  4580 | D:6      | Noticed Dowan
  4583 | D:6      | Noticed Duvessa
  4602 | D:6      | Killed Duvessa
  4602 | D:6      | Reached skill level 8 in Axes
  4632 | D:6      | Killed Dowan
  4632 | D:6      | Reached skill level 5 in Fighting
  4701 | D:6      | Found Zaebrauj's General Store.
  4713 | D:6      | Found Vunos's General Store.
  4717 | D:6      | Bought a scroll of teleportation for 42 gold pieces
  4717 | D:6      | Bought a scroll of identify for 28 gold pieces
  4776 | D:6      | Found Ottiesuw's Armour Shoppe.
  4796 | D:6      | Gained mutation: You passively map the area around you. [Deep Dwarf growth]
  4796 | D:6      | Reached XP level 9. HP: 46/81 MP: 3/3
  4942 | D:6      | Found Sommyov's Weapon Shop.
  4998 | D:6      | Found a staircase to the Ecumenical Temple.
  5003 | Temple   | Entered the Ecumenical Temple
  5185 | Temple   | Became a worshipper of Makhleb the Destroyer
  5815 | D:7      | Found a glowing silver altar of Zin.
  5891 | D:7      | Reached skill level 9 in Axes
  5941 | D:7      | Reached skill level 1 in Throwing
  5958 | D:7      | Found an opulent altar of Gozag.
  6023 | D:7      | Reached * piety under Makhleb
  6647 | D:8      | Reached skill level 10 in Axes
  6724 | D:8      | Noticed a two-headed ogre
  6738 | D:8      | Killed a two-headed ogre
  6738 | D:8      | Reached XP level 10. HP: 57/91 MP: 3/3
  6948 | D:8      | Noticed an orange demon
  6949 | D:8      | Found a basalt altar of Yredelemnul.
  7670 | D:9      | Found a sparkling altar of Nemelex Xobeh.
  7829 | D:9      | Reached ** piety under Makhleb
  8001 | D:9      | Identified a scroll of acquirement
  8411 | D:10     | Entered Level 10 of the Dungeon
  8440 | D:10     | Found a runed door.
  8441 | D:10     | Found a white marble altar of Elyvilon.
  8441 | D:10     | Noticed an angel
  8465 | D:10     | HP: 2/91 [ogre/giant club (6)]
  8509 | D:10     | Reached skill level 11 in Axes
  8560 | D:10     | Noticed a two-headed ogre
  8565 | D:10     | Killed a two-headed ogre
  8616 | D:10     | Noticed an oklob plant
  8701 | D:10     | Noticed an oklob plant
  8776 | D:10     | Found a staircase to the Orcish Mines.
  9159 | Orc:1    | Entered Level 1 of the Orcish Mines
  9169 | Orc:1    | Noticed an orc high priest
  9170 | Orc:1    | Noticed an orc high priest
  9175 | Orc:1    | Noticed an orange demon
  9179 | Orc:1    | Killed an orc high priest
  9179 | Orc:1    | Reached skill level 12 in Axes
  9180 | Orc:1    | Noticed a sun demon
  9180 | Orc:1    | Noticed a sixfirhy
  9184 | Orc:1    | Slain by an orc warrior

Vault maps used:
D:1:      giann_horns
D:2:      okawaru_gym_becter, uniq_robin, uniq_terence
D:3:      nicolae_overflow_hidden_temple, first_ration,
          biasface_ghost_orc_armoury, uniq_sigmund
D:4:      cheibrodos_sewer_entry_drain, gammafunk_ghost_grave
D:6:      lemuel_upstairs_altar, minmay_temple_entry_trees, serial_shops,
          shop_coins, shop, shop, nicolae_shop_stone,
          hangedman_abyss_or_decor_passed, uniq_duvessa
D:7:      nicolae_gozag_seed_capital, the_bakery, lemuel_altar_in_water2
D:8:      lemuel_hellish_altar
D:9:      nicolae_overflow_crystal_walls
D:10:     dpeg_oklobed_lair, orc_0_dummy, lemuel_angel_altar
Temple:   dpeg_five_rooms_temple
Orc:1:    basic_altar, mines2_lemuel
Sewer:    sewer_frog_island_02

Skill      XL: |  1  2  3  4  5  6  7  8  9 10 |
---------------+-------------------------------+-----
Fighting       | 3 4 5 6 |  6.7
Axes           | 3 4 5 6 8 10 12 | 12.0
Armour         | 4 5 6 7 8 |  8.5
Shields        | 4 5 6 8 |  8.5
Dodging        | 1 2 |  2.9
Stealth        | 1 |  1.2
Throwing       | 1 |  1.3

Action                   |  1- 3 |  4- 6 |  7- 9 | 10-12 || total
-------------------------+-------+-------+-------+-------++-------
Melee: War axe           |    80 |   228 |   611 |   138 ||  1057
       Battleaxe         |       |       |       |    88 ||    88
Throw: Javelin           |       |       |    19 |       ||    19
 Abil: Heal Wounds       |       |     9 |    12 |     4 ||    25
  Use: Scroll            |     2 |     1 |       |    14 ||    17
  Eat: Chunk             |       |     5 |    13 |     4 ||    22
       Ration            |       |       |     1 |     2 ||     3
Armor: Scale mail        |    34 |    55 |       |       ||    89
       Plate armour      |       |    81 |   154 |       ||   235
       Chain mail        |       |       |   304 |   130 ||   434
Dodge: Dodged            |    18 |    67 |   174 |    96 ||   355
Block: Shield            |    32 |   151 |   439 |    62 ||   684

Table legend:
 A = Spawn XP
 B = Non-spawn XP
 C = Spawn XP percentage of total XP
 D = Spawn monster count
 E = Non-spawn monster count
 F = Spawn count percentage of total count
 G = Total turns spent on level
                    A         B        C        D         E        F      G
               +---------+---------+-------+---------+---------+-------+---------
         Total |       0 |   10334 |   0.0 |       0 |     291 |   0.0 |  9184
               +---------+---------+-------+---------+---------+-------+---------
           D:1 |       0 |      27 |   0.0 |       0 |      17 |   0.0 |   599
           D:2 |       0 |     126 |   0.0 |       0 |      36 |   0.0 |   792
           D:3 |       0 |     548 |   0.0 |       0 |      33 |   0.0 |   863
           D:4 |       0 |     227 |   0.0 |       0 |      18 |   0.0 |   978
           D:5 |       0 |     375 |   0.0 |       0 |      13 |   0.0 |   647
           D:6 |       0 |    1127 |   0.0 |       0 |      21 |   0.0 |   889
           D:7 |       0 |    1276 |   0.0 |       0 |      26 |   0.0 |   885
           D:8 |       0 |    2145 |   0.0 |       0 |      24 |   0.0 |  1053
           D:9 |       0 |     819 |   0.0 |       0 |      19 |   0.0 |   875
          D:10 |       0 |    2106 |   0.0 |       0 |      20 |   0.0 |   748
         Orc:1 |       0 |    1125 |   0.0 |       0 |       9 |   0.0 |    25
         Sewer |       0 |     433 |   0.0 |       0 |      55 |   0.0 |   597
               +---------+---------+-------+---------+---------+-------+---------
